 Dungeon Crawl Stone Soup version 0.28-a0-768-g8c92f1e708 (webtiles) character file.

Game seed: 13935220936235458004

0 Gargoyl the Skirmisher (level 1, -2/23 HPs)
             Began as a Gnoll Abyssal Knight on Oct 31, 2021.
             Was a Follower of Lugonu.
             Slain by a wraith (12 damage)
             ... on level 5 of the Abyss.
             The game lasted 00:00:59 (205 turns).

Gargoyl the Skirmisher (Gnoll Abyssal Knight)        Turns: 205, Time: 00:00:59

Health: -2/23      AC:  3    Str: 12    XL:     1   Next: 0%
Magic:  3/3        EV: 12    Int:  5    God:    Lugonu [*.....]
Gold:   12         SH:  0    Dex: 12    Spells: 0/0 levels left

rFire   . . .      SeeInvis .   a - +1 hand axe
rCold   . . .      Faith    .   (no shield)
rNeg    . . .      Spirit   .   b - +0 leather armour
rPois   .          Reflect  .   (no helmet)
rElec   .          Harm     .   (no cloak)
rCorr   .          Rampage  .   (no gloves)
Will    .....                   (no boots)
Stlth   +.........              (no amulet)
HPRegen 0.07/turn               (no ring)
MPRegen 0.08/turn               (no ring)

@: slowed, very slow
A: fangs 1, strong nose, distributed training, [dopey 2]
a: Renounce Religion, Depart the Abyss


You were on level 5 of the Abyss.
You worshipped Lugonu.
Lugonu was aware of your devotion.
You visited 0 branches of the dungeon, and saw 0 of its levels.
You visited the Abyss 1 time.

You collected 12 gold pieces.

Inventory:

Hand Weapons
 a - a +1 hand axe (weapon)
Armour
 b - a +0 leather armour (worn)
Wands
 c - a wand of iceblast (4)


   Skills:
 + Level 6.4 Fighting
 + Level 0.0 Short Blades
 + Level 0.0 Long Blades
 + Level 4.4 Axes
 + Level 0.0 Maces & Flails
 + Level 0.0 Polearms
 + Level 0.0 Staves
 + Level 0.0 Slings
 + Level 0.0 Bows
 + Level 0.0 Crossbows
 + Level 0.0 Throwing
 + Level 4.4 Armour
 + Level 2.3 Dodging
 + Level 0.0 Stealth
 + Level 0.0 Shields
 + Level 0.0 Unarmed Combat
 + Level 0.0 Spellcasting
 + Level 0.0 Conjurations
 + Level 0.0 Hexes
 + Level 0.0 Summonings
 + Level 0.0 Necromancy
 + Level 0.0 Translocations
 + Level 0.0 Transmutations
 + Level 0.0 Fire Magic
 + Level 0.0 Ice Magic
 + Level 0.0 Air Magic
 + Level 0.0 Earth Magic
 + Level 0.0 Poison Magic
 + Level 4.4 Invocations
 + Level 0.0 Evocations


You couldn't memorise any spells.
You didn't know any spells.
Your spell library was empty.

Dungeon Overview and Level Annotations

Branches:
Dungeon (0/15)

Altars:


Innate Abilities, Weirdness & Mutations

You have very sharp teeth.
Your uncanny sense of smell can sniff out nearby items.
Your experience applies equally to all skills.
[You are very dopey. (Int -4)]


Message History

Moving in this stuff is going to be slow.
Aiming: Iceblast
Press: ? - help, Shift-Dir - straight line The mass of ice explodes!
The iceblast engulfs the wraith.
The wraith partially resists.
The wraith is lightly damaged.
Aiming: Iceblast
Press: ? - help, Shift-Dir - straight line, f - wraith
Aim: a wraith (lightly damaged)
The mass of ice explodes!
The iceblast engulfs the wraith.
The wraith partially resists.
The wraith is moderately damaged.
Aiming: Iceblast
Press: ? - help, Shift-Dir - straight line, f/p - wraith
Aim: a wraith (moderately damaged)
The mass of ice explodes!
The iceblast engulfs the wraith.
The wraith partially resists.
The wraith is heavily damaged.
Aiming: Iceblast
Press: ? - help, Shift-Dir - straight line, f/p - wraith
Aim: a wraith (heavily damaged)
The mass of ice explodes!
The iceblast engulfs the wraith.
The wraith partially resists.
The wraith is severely damaged.
Unknown command.
Aiming: Iceblast
Press: ? - help, Shift-Dir - straight line, f/p - wraith
Aim: a wraith (severely damaged)
The mass of ice explodes!
The iceblast engulfs the wraith.
The wraith partially resists.
The wraith is almost destroyed.
You hit the wraith but do no damage.
The wraith is almost destroyed.
The wraith hits you. The wraith drains your vigour!
You feel yourself slow down.
You hit the wraith. Your bite misses the wraith.
The wraith is almost destroyed.
The wraith hits you!
Ouch! That really hurt!
You die...

.#....≈≈.≈.#.....
...#..≈.≈#...#.#
..≈≈.≈#≈......#.
###.≈≈≈≈..#..#..
#.≈≈≈≈≈≈.#....# .
.#.≈≈≈≈≈≈......#
....≈≈≈.≈≈.#....#
..#.≈≈≈.#W..#.#.#.
....∆≈≈≈≈.##@.......
#.##..≈≈≈.#.....##.
. #≈≈≈≈≈#.......# .
..≈..≈≈ ...#.#..#
...≈≈♣..#...... .#
≈.≈≈≈.......#.. ..
#..... .#. .
≈..#.#.####


You could see a wraith.

Vanquished Creatures (others)
  A white imp (Abyss:4)
  6 demonic plants (Abyss:4)
7 creatures vanquished.

Notes
Turn   | Place    | Note
-------+----------+-------------------------------------------
     0 | Abyss:1  | Gargoyl the Gnoll Abyssal Knight began the quest for the
                  | Orb.
     0 | Abyss:1  | Reached XP level 1. HP: 23/23 MP: 3/3
    17 | Abyss:2  | Found a corrupted altar of Lugonu.
    26 | Abyss:2  | Noticed a green death
    46 | Abyss:2  | Noticed an iron imp
    50 | Abyss:2  | Noticed a worldbinder
    58 | Abyss:2  | Noticed a deep elf pyromancer
    58 | Abyss:2  | Noticed a deep elf pyromancer
    58 | Abyss:2  | Noticed a deep elf zephyrmancer
    59 | Abyss:2  | Noticed a fire elemental
    59 | Abyss:2  | Noticed a fire elemental
    66 | Abyss:2  | Noticed a deep elf pyromancer
   108 | Abyss:3  | Noticed a wretched star
   167 | Abyss:4  | Noticed a spatial maelstrom
   170 | Abyss:4  | Noticed a spatial vortex
   185 | Abyss:4  | Noticed a hellwing
   185 | Abyss:4  | Noticed a demonic crawler
   186 | Abyss:4  | Noticed a hellwing
   188 | Abyss:5  | Entered Level 5 of the Abyss
   193 | Abyss:5  | Noticed a wraith
   205 | Abyss:5  | Slain by a wraith

Illustrated notes

Levels and vault maps discovered:
Abyss:5:  base: Temple, evilmike_abyss_rune_elephants_shrine,
          evilmike_abyss_exit_13

Action                   || total
-------------------------++-------
Melee: Hand axe          ||     2
Evoke: Wand              ||     5
Dodge: Dodged            ||     8

Table legend: (Time is in decaauts)
 A = Elapsed time spent in this place.
 B = Non-inter-level travel time spent in this place.
 C = Inter-level travel time spent in this place.
 D = Time resting spent in this place.
 E = Time spent auto-exploring this place.
 F = Levels seen in this place.
 G = Mean time per level.
                   A        B        C        D        E       F      G
               +--------+--------+--------+--------+--------+-----+--------+
         Total |    207 |    207 |      0 |     48 |     43 |   5 |   41.4 |
         Abyss |    207 |    207 |      0 |     48 |     43 |   5 |   41.4 |
               +--------+--------+--------+--------+--------+-----+--------+

Top non-repeatable levels by time:
 Abyss:4: 80 daAuts
 Abyss:2: 54 daAuts
 Abyss:3: 42 daAuts
 Abyss:5: 17 daAuts
 Abyss:1: 12 daAuts
